 Dungeon Crawl Stone Soup version 0.26.1-11-gd32895ea62 (webtiles) character file.

Game seed: 14273753208614113268

102 Almogavar the Firebug (level 4, 0/33 HPs)
             Began as a Hill Orc Fire Elementalist on May 25, 2021.
             Slain by Crazy Yiuf
             ... wielding a +3 quarterstaff of chaos
              (19 damage)
             ... on level 2 of the Dungeon.
             The game lasted 00:07:43 (2238 turns).

Almogavar the Firebug (Hill Orc Fire Elementalist)  Turns: 2238, Time: 00:07:43

Health: 0/33       AC:  4    Str: 10    XL:     4   Next: 77%
Magic:  6/7        EV: 12    Int: 16    God:
Gold:   84         SH:  0    Dex: 11    Spells: 6/7 levels left

rFire    . . .     SeeInvis +   c - +0 dagger
rCold    . . .     Faith    .   (no shield)
rNeg     . . .     Spirit   .   a - +0 robe
rPois    .         Reflect  .   u - +0 helmet (curse)
rElec    .         Harm     .   e - +0 cloak
rCorr    .         Rampage  .   (no gloves)
Will     .....                  (no boots)
Stlth    ++........             (no amulet)
HPRegen  0.11/turn              t - ring of see invisible
MPRegen  0.10/turn              j - ring of wizardry

@: no status effects
A: no striking features
a: no special abilities


You were on level 2 of the Dungeon.
You visited 1 branch of the dungeon, and saw 2 of its levels.

You collected 84 gold pieces.

Inventory:

Hand Weapons
 c - a +0 dagger (weapon)
Armour
 a - a +0 robe (worn)
 e - a +0 cloak (worn)
 l - a +0 scale mail
 n - a +1 ring mail of positive energy
 u - a cursed +0 helmet (worn)
Jewellery
 g - an uncursed ring of protection from fire
 j - a ring of wizardry (right hand)
 k - an uncursed ring of willpower
 t - a ring of see invisible (left hand)
Scrolls
 b - 2 scrolls of identify {unknown}
 d - a scroll of fear {unknown}
 f - a scroll of remove curse {unknown}
 h - a scroll of random uselessness {unknown}
 o - 2 scrolls of enchant weapon {unknown}
 w - a scroll of teleportation {unknown}
Potions
 i - a potion of lignification {unknown}
 m - 2 potions of mutation {unknown}
 p - a potion of heal wounds {unknown}
 q - a potion of attraction {unknown}
 r - a potion of might {unknown}
 s - a potion of ambrosia {unknown}
 v - a potion of brilliance {unknown}


   Skills:
 + Level 1.8 Dodging
 - Level 1.6 Stealth
 + Level 2.2 Spellcasting
 + Level 1.8 Conjurations
 + Level 4.7 Fire Magic


You had 6 spell levels left.
You knew the following spells:

 Your Spells              Type           Power        Failure   Level
a - Foxfire               Conj/Fire      48%          2%          1

Your spell library contained the following spells:

 Spells                   Type           Power        Failure   Level
 Conjure Flame            Conj/Fire      12%          6%          3
 Inner Flame              Hex/Fire       9%           9%          3
 Sticky Flame             Conj/Fire      12%          21%         4
 Fireball                 Conj/Fire      6%           47%         5


Dungeon Overview and Level Annotations

Branches:
Dungeon (2/15)

Altars:
The Shining One

Annotations:
D:2 Crazy Yiuf


Message History

You finish putting on your cursed +0 helmet.
Oops, that feels deathly cold.
Okay, then.
You see here a giant cockroach corpse.
Found a flail.
You see here a flail.
You see here a flail.
You see here a giant cockroach corpse.
Crazy Yiuf shouts!
You open the door.
Casting: Foxfire (safe; 2% risk of failure)
Confirm with . or Enter, or press ? or * to list all spells.
You conjure some foxfire!
Crazy Yiuf hits you with a +3 quarterstaff of chaos!
The foxfire hits Crazy Yiuf but does no damage.
The foxfire hits Crazy Yiuf.
Crazy Yiuf is lightly wounded.
Crazy Yiuf hits you with a +3 quarterstaff of chaos!!
Ouch! That really hurt!
You die...

#### ...#
######## ...# ###
###.#..#.## ...#
#...##..#...§..##
...#
#...'.####g@§...#
...# #)..###
##.#...# ...# ###
#####.# ...# #..#
...# #.## #######
#.# ....#.# ##.#
......# #..#
#...#.#######
##.##


You could see Crazy Yiuf.

Vanquished Creatures
  Terence (D:2)
  2 adders (D:2)
  An ooze (D:2)
  A worm (D:2)
  4 dart slugs
  2 leopard geckos (D:2)
  4 giant cockroaches (D:2)
  3 hobgoblins
  A jackal (D:2)
  8 bats
  5 frilled lizards
  3 goblins
  7 kobolds
  3 rats
45 creatures vanquished.

Vanquished Creatures (others)
  109 foxfires
109 creatures vanquished.

Grand Total: 154 creatures vanquished

Notes
Turn   | Place    | Note
-------+----------+-------------------------------------------
     0 | D:1      | Almogavar the Hill Orc Fire Elementalist began the quest
                  | for the Orb.
     0 | D:1      | Reached XP level 1. HP: 14/14 MP: 3/3
    15 | D:1      | Noticed an electric eel
   158 | D:1      | Reached XP level 2. HP: 20/20 MP: 0/4
   525 | D:1      | Found a glowing golden altar of the Shining One.
   851 | D:2      | Reached XP level 3. HP: 26/26 MP: 3/5
   890 | D:2      | Reached skill level 4 in Fire Magic
  1410 | D:2      | Reached XP level 4. HP: 32/33 MP: 2/7
  1545 | D:2      | Noticed Terence
  1588 | D:2      | Killed Terence
  1906 | D:2      | Found a runed translucent door.
  1907 | D:2      | Noticed Crazy Yiuf
  2238 | D:2      | Slain by Crazy Yiuf

Illustrated notes

Levels and vault maps discovered:
D:1:      arrival_aquarium_a, layout_rooms, chequers_mini_garden,
          nrook_mini_vaults, tso_metal_star
D:2:      minmay_alternating_diamond, layout_loops_cross, minmay_hexomino_c4,
          uniq_crazy_yiuf_cottage, uniq_terence

Skill      XL: |  1  2  3 |
---------------+----------+-----
Fire Magic     | 4 |  4.7
Spellcasting   | 2 |  2.2
Dodging        | |  1.8
Stealth        | |  1.6
Conjurations   | |  1.8

Action                   |  1- 3 |  4- 6 || total
-------------------------+-------+-------++-------
Melee: Dagger            |     8 |    47 ||    55
 Cast: Foxfire           |    49 |    24 ||    73
 Stab: Sleeping          |     1 |     1 ||     2
Armor: Robe              |     3 |    13 ||    16
Dodge: Dodged            |     3 |    45 ||    48
